Unix NetHack Version 5.0.0-0 post-release - last build May 17 2026 04:57:42 (dc50c8380fa5e20985bfe3072449f57b8d9895ef,branch:main).

Game began 2026-05-21 02:01:40, ended 2026-05-21 02:03:19.

Dalfrug, lawful male human Samurai

               -----                                              -----
 --------      |.$.|         -----------                          |...|
 |!!!!!.|     #..`..######  #..........|        -----             |$..|
 |!!!!!.|     #|...|     #  #|.........|        |...| ############....|
 |!!!!!.| #####-.---     ####-......$..|        |.).|##           |...|
 |!!!!!.-##     #######     #|..........######  |...|#            --.--
 |!!!!!.|             #      |.........|     ###....|#              #
 --------             %      ------+----      # |.<.|#           ####
                      #                         --|--#         ###
                 -----.-                          ##           #
                 |.....|                           #          -.-----
                 |.....+         --+------#        ##         |.....|
    --.-         |.....|         |...!(...####    --.---     #......|
    |$@|         |......###      |..>....|   #    |....| #    |.....|
    |$@|         -------         |.......|   #####|.....######-.....|
    ----                         ---------       #-....|#     -------
                                                  ------

Dalfrug the Hatamoto   St:15 Dx:18 Co:18 In:9 Wi:8 Ch:5  Lawful
Dlvl:2  $:0  HP:0(23) Pw:7(7) AC:4  Xp:2 T:429 

Latest messages:
 You hit the gnome.
 You miss the gnome.
 You kill the gnome!
 The gnome misses!
 You kill the gnome!
 Welcome to experience level 2.
 You see here a gnome corpse.
 You kill the gnome!
 Double run prefix, canceled.
 Double run prefix, canceled.
 You kill the gnome!
 You step onto a level teleport trap!
 You feel disoriented.
 You materialize on a different level!
 You see here 228 gold pieces.
 Where do you want to travel to?
 (For instructions type a '?')
 You feel less confused now.
 You stop waiting.
 Suddenly one of the Vault's guards enters!
 You stop waiting.
 "Hello stranger, who are you?" - 
 "I don't know you."
 "Please follow me."
 b - a +0 wakizashi (weapon in right hand).
 a - a +0 katana (alternate weapon; not wielded).
 c - a +0 yumi (weapon in right hand).
 In what direction? 8
 You shoot 2 ya.
 The 1st ya hits the guard!
 The guard gets angry!
 The 2nd ya hits the guard.
 Are you waiting to get hit?  Use 'm' prefix to force a no-op (to rest).
 Are you waiting to get hit?  Use 'm' prefix to force a no-op (to rest).
 Are you waiting to get hit?  Use 'm' prefix to force a no-op (to rest).
 Are you waiting to get hit?  Use 'm' prefix to force a no-op (to rest).
 Are you waiting to get hit?  Use 'm' prefix to force a no-op (to rest).
 Are you waiting to get hit?  Use 'm' prefix to force a no-op (to rest).
 Are you waiting to get hit?  Use 'm' prefix to force a no-op (to rest).
 Are you waiting to get hit?  Use 'm' prefix to force a no-op (to rest).
 Are you waiting to get hit?  Use 'm' prefix to force a no-op (to rest).
 Are you waiting to get hit?  Use 'm' prefix to force a no-op (to rest).
 Are you waiting to get hit?  Use 'm' prefix to force a no-op (to rest).
 You see here 283 gold pieces.
 The guard wields a shito!
 You see here 228 gold pieces.
 The guard swings her shito.
 The guard hits!
 You die...
 Do you want your possessions identified? [ynq] (y) q

Inventory:
 Weapons  (')')
  d - 28 +0 ya (in quiver)
  c - a +0 yumi (weapon in right hand)
  a - a +0 katana (alternate weapon; not wielded)
  b - a +0 wakizashi
 Armor    ('[')
  e - an uncursed rustproof +0 splint mail (being worn)
 Tools    ('(')
  f - an uncursed blindfold

Dalfrug the Samurai's attributes:

Background:
 You were a Hatamoto, a level 2 male human Samurai.
 You were lawful, on a mission for Amaterasu Omikami
 who was opposed by Raijin (neutral) and Susanowo (chaotic).
 You were right-handed.
 You were in the Dungeons of Doom, on level 2.
 You entered the dungeon 429 turns ago.
 It was nighttime.
 You had 37 experience points, 3 more were needed to attain level 3.

Basics:
 You had 0 out of 23 hit points.
 You had all 7 energy points (spell power).
 Your armor class was 4.
 Your wallet was empty.
 Autopickup was off.

Final Characteristics:
 Your strength was 15 (limit:18/100).
 Your dexterity was 18 (limit:18).
 Your constitution was 18 (limit:18).
 Your intelligence was 9 (limit:18).
 Your wisdom was 8 (limit:18).
 Your charisma was 5 (limit:18).

Final Status:
 You weren't hungry.
 You were unencumbered.
 You were wielding a bow.
 You had basic skill with bow.

Final Attributes:
 You were fervently aligned.
 You were warded.
 You were fast.
 You are dead.

Miscellaneous:
 You didn't encounter any bones levels.
 Total elapsed playing time was 1 minute and 38 seconds.

Major events:
 Turn
    1: Dalfrug the lawful male human Samurai entered the dungeon
  351: entered the Gnomish Mines
  429: killed by a guard

You didn't know any spells.

Skills:
 Fighting Skills
   martial arts      [Basic]
   two weapon combat [Unskilled]
   riding            [Unskilled]
 Weapon Skills
   dagger            [Unskilled]
   knife             [Unskilled]
   short sword       [Basic]
   broadsword        [Unskilled]
   long sword        [Basic]
   two-handed sword  [Unskilled]
   saber             [Unskilled]
   flail             [Unskilled]
   quarterstaff      [Unskilled]
   polearms          [Unskilled]
   spear             [Unskilled]
   lance             [Unskilled]
   bow               [Basic]
   shuriken          [Unskilled]
 Spellcasting Skills
   attack spells     [Unskilled]
   divination spells [Unskilled]
   clerical spells   [Unskilled]

Voluntary challenges:
 Character rerolling was not enabled.
 You went without food.
 You were an atheist.
 You were illiterate.
 You never genocided any monsters.
 You never polymorphed an object.
 You never changed form.
 You used no wishes.
Achievements:
 You entered a shop.
 You entered the Gnomish Mines.

 The Dungeons of Doom: levels 1 to 4
    Level 1:
       A fountain.
    Level 2: <- You were here.
       A potion shop, a fountain.
       Final resting place for
          you, killed by a guard.
    Level 3:
       A fountain.
    Level 4:
       Stairs down to The Gnomish Mines.
 The Gnomish Mines:
    Level 5:


Vanquished creatures:
  4 gnomes
  2 jackals
  a sewer rat
  a grid bug
  2 lichens
  2 newts
12 creatures vanquished.

No species were genocided or became extinct.

Game over:
                       ----------
                      /          \
                     /    REST    \
                    /      IN      \
                   /     PEACE      \
                  /                  \
                  |     Dalfrug      |
                  |       0 Au       |
                  |   killed by a    |
                  |      guard       |
                  |                  |
                  |                  |
                  |       2026       |
                 *|     *  *  *      | *
        _________)/\\_//(\/(/\)/\//\/|_)_______

Sayonara Dalfrug the Samurai...

You died in The Dungeons of Doom on dungeon level 2 with 348 points,
and 0 pieces of gold, after 429 moves.
You were level 2 with a maximum of 23 hit points when you died.

